[Event "21th IPCA World Individual Chp."]
[Site "followchess.com"]
[Date "2022.05.10"]
[Round "3"]
[White "Alperovich, Asher"]
[Black "Valenta, Vit Vaclav"]
[Result "0-1"]
[WhiteElo "1865"]
[BlackElo "2014"]
[ECO "E76"]
[WhiteFed "ISR"]
[BlackFed "CZE"]
[FCGameId "982562007"]
[WhiteFideId "2803275"]
[BlackFideId "307440"]
[TimeControl "5400+30"]

1. d4 c5 2. d5 d6 3. c4 Nf6 4. Nc3 g6 5. e4 Bg7 6. f4 O-O 7. Nf3 a6 8. a4 e5 9. fxe5 dxe5 10. Bg5 h6 11. Bh4 Nbd7 12. Bd3 Re8 13. O-O g5 14. Bg3 Nh5 15. Be1 Nf4 16. Bc2 Nf6 17. Qd2 N6h5 18. Nd1 Bf6 19. h3 Nxg2 20. Qxg2 Nf4 21. Qh2 Bxh3 22. Ne3 g4 23. Nf5 gxf3 24. Nxh6+ Kh7 25. Rxf3 Kxh6 26. Rxh3+ Nxh3+ 27. Qxh3+ Kg7 28. Qg4+ Kf8 29. Bd2 Ke7 30. d6+ Qxd6 0-1

[Event "21th IPCA World Individual Chp."]
[Site "followchess.com"]
[Date "2022.05.10"]
[Round "3"]
[White "Babanov, Aleksandr"]
[Black "Vardi, Moshe"]
[Result "1-0"]
[WhiteElo "1929"]
[BlackElo "1631"]
[ECO "C45"]
[WhiteFed "RUS"]
[BlackFed "ISR"]
[FCGameId "-288397751"]
[WhiteFideId "24117412"]
[BlackFideId "2801710"]
[TimeControl "5400+30"]

1. e4 e5 2. Nf3 Nc6 3. Nc3 
Nf6 4. d4 exd4 5. Nxd4 Bc5 6. Nb3 Bb6 7. Qe2 O-O 8. Be3 Bxe3 9. Qxe3 d6 10. O-O-O a5 11. a3 Re8 12. f3 Qe7 13. Qd2 a4 14. Nd4 Nxd4 15. Qxd4 Bd7 16. Bc4 Ra5 17. Rhe1 Rb8 18. Nd5 Nxd5 19. Bxd5 b5 20. Qd2 Ra6 21. e5 Rab6 22. Qf4 dxe5 23. Qxf7+ Qxf7 24. Bxf7+ Kxf7 25. Rxd7+ Ke6 26. Rxg7 b4 27. Rxh7 bxa3 28. bxa3 Rb1+ 29. Kd2 Rd8+ 30. Ke2 Rxe1+ 31. Kxe1 
c5 32. Rh6+ Kf5 33. Rc6 Rd5 34. Ke2 e4 35. g4+ Kf4 36. Rf6+ Kg5 37. Rf5+ Rxf5 38. gxf5 Kxf5 39. fxe4+ Kxe4 40. Kd2 Kd5 1-0

[Event "21th IPCA World Individual Chp."]
[Site "followchess.com"]
[Date "2022.05.10"]
[Round "3"]
[White "Mekus, Manuela"]
[Black "Shapiro, Benny"]
[Result "1/2-1/2"]
[WhiteElo "1644"]
[BlackElo "1884"]
[ECO "B20"]
[WhiteFed "GER"]
[BlackFed "ISR"]
[FCGameId "816384032"]
[WhiteFideId "16202562"]
[BlackFideId "2801582"]
[TimeControl "5400+30"]

1. e4 c5 2. d3 Nc6 3. Nf3 Nf6 4. g3 e6 5. Bg2 d5 6. Nbd2 Be7 7. O-O O-O 8. c3 d4 9. Nc4 Ne8 10. a4 f6 11. e5 f5 12. h4 Nc7 13. Bg5 Nd5 14. Bxe7 Qxe7 15. Rc1 Bd7 16. Ng5 b6 17. f4 Rab8 18. Nd6 Ne3 19. Qh5 g6 20. Qf3 Na5 21. Rf2 Bxa4 22. cxd4 cxd4 23. Bf1 Bb3 24. h5 Bd5 25. Qe2 Ng4 26. hxg6 hxg6 27. Rh2 Nxh2 28. Qxh2 Qg7 29. Bg2 Bb3 30. Kf2 Qh8 31. Qxh8+ Kxh8 32. Rh1+ Kg8 33. Rh7 Rfc8 34. Nxc8 Rxc8 35. Rxa7 Rc2+ 36. Kg1 Rxb2 37. Ra8+ Kg7 38. Ra7+ Kf8 39. Rf7+ Ke8 40. Rf6 Kd7 41. Rxg6 b5 42. Rg7+ Kc8 43. Re7 Kd8 44. Ra7 Ra2 1/2-1/2

[Event "21th IPCA World Individual Chp."]
[Site "followchess.com"]
[Date "2022.05.10"]
[Round "2"]
[White "Valenta, Vit Vaclav"]
[Black "Yarmonov, Igor"]
[Result "0-1"]
[WhiteElo "2014"]
[BlackElo "2394"]
[ECO "A13"]
[WhiteFed "CZE"]
[BlackFed "UKR"]
[FCGameId "1738930075"]
[WhiteFideId "307440"]
[BlackFideId "14114496"]
[TimeControl "5400+30"]

1. Nf3 d5 2. c4 e6 3. b3 Nf6 4. Bb2 Be7 5. g3 O-O 6. Bg2 Nbd7 7. O-O b6 8. d3 Bb7 9. Nbd2 a5 10. a4 Bb4 11. Qc2 Re8 12. Rad1 c5 13. e3 Qe7 14. Nb1 Nf8 15. Nc3 Ng6 16. Nb5 Red8 17. h3 Rd7 18. Ne5 Nxe5 19. Bxe5 Ne8 20. Bb2 Rad8 21. cxd5 exd5 22. d4 Nc7 23. dxc5 bxc5 24. Nxc7 Rxc7 25. Rc1 Bc8 26. Rfd1 Be6 27. Be5 Rcc8 28. Ba1 f6 29. Qb2 Qf7 30. Bf1 Rd6 31. f4 Rcd8 32. Qc2 d4 33. exd4 cxd4 34. Bc4 d3 35. Qf2 d2 36. Rc2 Bxc4 37. Rxc4 Qe6 38. Bc3 Qxh3 39. Bxb4 axb4 40. Qg2 Qg4 0-1

[Event "21th IPCA World Individual Chp."]
[Site "followchess.com"]
[Date "2022.05.10"]
[Round "2"]
[White "Mikheev, Stanislav"]
[Black "Lipilin, Ilia"]
[Result "1-0"]
[WhiteElo "2333"]
[BlackElo "2198"]
[ECO "A80"]
[WhiteFed "SRB"]
[BlackFed "RUS"]
[FCGameId "1504097650"]
[WhiteFideId "4135920"]
[BlackFideId "54113245"]
[TimeControl "5400+30"]

1. d4 f5 2. Nf3 Nf6 3. g3 g6 4. Bg2 Bg7 5. O-O O-O 6. b3 d6 7. Bb2 c6 8. c4 e5 9. dxe5 Ng4 10. Qc2 dxe5 11. h3 e4 12. hxg4 exf3 13. Bxf3 fxg4 14. Bg2 Na6 15. Bxg7 Kxg7 16. Nd2 Bf5 17. e4 Be6 18. Qc3+ Kg8 19. b4 Qe7 20. a3 Rad8 21. Rad1 Qd6 22. Nb3 Qxd1 23. Rxd1 Rxd1+ 24. Bf1 Rf3 25. Qc2 Rd8 26. Be2 Rf6 27. Nc1 Nb8 28. Nd3 Rdf8 29. Nf4 Bc8 30. e5 Rf5 31. e6 Rxf4 32. gxf4 Bxe6 33. Qe4 Kf7 34. Qe5 Nd7 35. Qc7 Rb8 36. c5 Kf6 37. Kh2 h5 38. Kg3 g5 39. fxg5+ Kxg5 40. Qf4+ Kg6 41. Bd3+ Kg7 42. Qg5+ Kf8 43. Qxh5 Ke7 44. Qg5+ Nf6 45. Qe5 Nd7 46. Qd6+ Kf6 47. Bc4 Re8 48. Bxe6 Rxe6 49. Qxd7 Re7 50. Qd6+ Re6 51. Qf4+ Kg7 52. Qc7+ 1-0

[Event "21th IPCA World Individual Chp."]
[Site "followchess.com"]
[Date "2022.05.10"]
[Round "2"]
[White "Srimskov, Elishar"]
[Black "Zilberman, Yaacov"]
[Result "1/2-1/2"]
[WhiteElo "1992"]
[BlackElo "2315"]
[ECO "A06"]
[WhiteFed "ISR"]
[BlackFed "ISR"]
[FCGameId "1496304593"]
[WhiteFideId "2807254"]
[BlackFideId "2801612"]
[TimeControl "5400+30"]

1. Nf3 d5 2. e3 Nf6 3. b3 c5 4. Bb2 a6 5. d4 Nc6 6. dxc5 e6 7. c4 Bxc5 8. cxd5 exd5 9. Be2 O-O 10. O-O Re8 11. Nc3 Be6 12. Rc1 Ba7 13. Bd3 Rc8 14. Ne2 Bb8 15. Ng3 Bg4 16. Bf5 Bxf5 17. Nxf5 h6 18. Re1 Ne5 19. Nxe5 Bxe5 20. Rxc8 Qxc8 21. Bxe5 Rxe5 22. Ng3 Re6 23. Qc1 Rc6 24. Qa3 Rc2 25. h3 Qc3 26. Rf1 Qc8 27. Qa5 h5 28. Qa4 Qe6 29. Qf4 g6 30. a4 Kg7 31. Re1 Ne4 32. Nxe4 Qxe4 33. Qxe4 dxe4 34. Rd1 Rb2 35. Rd4 Rb1+ 36. Kh2 Rxb3 37. Rxe4 b5 38. axb5 axb5 39. Kg3 Rb1 40. Kf4 b4 41. g4 1/2-1/2

[Event "21th IPCA World Individual Chp."]
[Site "followchess.com"]
[Date "2022.05.10"]
[Round "2"]
[White "Obodchuk, Andrei"]
[Black "Cosic, Radoslav"]
[Result "1-0"]
[WhiteElo "2295"]
[BlackElo "2003"]
[ECO "B06"]
[WhiteFed "RUS"]
[BlackFed "CRO"]
[FCGameId "1787457867"]
[WhiteFideId "4114310"]
[BlackFideId "14504367"]
[TimeControl "5400+30"]

1. e4 g6 2. d4 d6 3. Nc3 Bg7 4. Nf3 Nf6 5. Bf4 Bg4 6. Qd2 Bxf3 7. gxf3 Nc6 8. d5 Ne5 9. Be2 h5 10. O-O-O c6 11. Be3 Qa5 12. Kb1 a6 13. h3 cxd5 14. Nxd5 Qxd2 15. Rxd2 Nxd5 16. Rxd5 Nd7 17. Rdd1 Rc8 18. f4 Nc5 19. Bf3 b5 20. Rhg1 Bf6 21. Rd5 Ne6 22. e5 dxe5 23. fxe5 Bh4 24. a4 Rc4 25. b3 Rc3 26. Kb2 b4 27. Be2 O-O 28. Bxh5 Rfc8 29. Bd1 Kh7 30. Rg4 g5 31. Rxb4 R3c6 32. Rd7 a5 33. Rb5 g4 34. hxg4 Nf8 35. Rd2 Ng6 36. Rxa5 Rc3 37. Rd3 R3c6 38. c4 f6 39. exf6 Bxf6+ 40. Ka2 Re6 41. Bc2 Kg7 42. Rh5 Ne5 43. g5 Nxd3 44. gxf6+ exf6 45. Bxd3 Rd6 46. Rd5 1-0

[Event "21th IPCA World Individual Chp."]
[Site "followchess.com"]
[Date "2022.05.10"]
[Round "2"]
[White "Gerasimova, Svetlana"]
[Black "Gurbanov, Andrei"]
[Result "1/2-1/2"]
[WhiteElo "1906"]
[BlackElo "2302"]
[ECO "C53"]
[WhiteFed "RUS"]
[BlackFed "ISR"]
[FCGameId "-305309427"]
[WhiteFideId "4145968"]
[BlackFideId "13503391"]
[TimeControl "5400+30"]

1. e4 e5 2. Nf3 Nc6 3. Bc4 Bc5 4. c3 Nf6 5. d4 exd4 6. cxd4 Bb4+ 7. Nbd2 Nxe4 8. d5 Nxd2 9. Bxd2 Bxd2+ 10. Qxd2 Ne7 11. d6 cxd6 12. Qxd6 O-O 13. O-O Nf5 14. Qd2 d6 15. Rad1 Be6 16. Bxe6 fxe6 17. Ng5 Qf6 18. Ne4 Qg6 19. Qg5 Qxg5 20. Nxg5 e5 21. Ne4 Rfd8 22. Rd5 Rac8 23. g4 Nd4 24. Rxd6 Rxd6 25. Nxd6 Rc2 26. Kg2 Rxb2 27. Re1 Nc6 28. a3 Rb3 29. Re3 Rb6 30. Rc3 Nd8 31. Nc8 Ra6 32. Re3 Nc6 33. Nd6 Nd8 34. Nc8 Nf7 35. Rb3 b6 36. Rc3 Kf8 37. Rc7 Rxa3 38. Nxa7 Nd6 39. Rd7 Nc4 40. Nc6 Ra8 41. Kf3 Rc8 42. Nb4 Rc5 43. Nd3 Ra5 44. Nb4 Ra4 45. Nc6 Ra3+ 46. Ke4 Ra2 47. Kf3 Nd2+ 48. Kg2 Nc4 49. Kg3 Rc2 50. Nb4 Rc3+ 51. Kg2 Rb3 52. Nc6 b5 53. Rb7 Rb2 54. Kg3 e4 55. Nd4 g6 56. Rxb5 Rd2 57. Ne6+ Ke7 58. Ng5 e3 1/2-1/2

[Event "21th IPCA World Individual Chp."]
[Site "followchess.com"]
[Date "2022.05.10"]
[Round "2"]
[White "Campos, Eugenio"]
[Black "Babanov, Aleksandr"]
[Result "1-0"]
[WhiteElo "2247"]
[BlackElo "1929"]
[ECO "B01"]
[WhiteFed "ANG"]
[BlackFed "RUS"]
[FCGameId "-1095052987"]
[WhiteFideId "10100156"]
[BlackFideId "24117412"]
[TimeControl "5400+30"]

1. e4 d5 2. exd5 Qxd5 3. c4 Qd8 4. d4 Nf6 5. Nc3 Bg4 6. Nge2 e6 7. h3 Bh5 8. g4 Bg6 9. Bg2 c6 10. Nf4 Bd6 11. c5 Bc7 12. h4 Ba5 13. f3 h5 14. Nxg6 fxg6 15. Qd3 Kf7 16. Bg5 Qc7 17. O-O-O Bxc3 18. bxc3 Qa5 19. Rd2 Qa3+ 20. Rb2 Nd5 21. Bd2 Nd7 22. Kb1 b5 23. Re1 Rab8 24. Rb3 Qa6 25. Qe4 Nf8 26. c4 Nf6 27. Qf4 Rd8 28. g5 bxc4 29. Bf1 e5 30. Rxe5 Ne6 31. Rxe6 Kxe6 32. gxf6 gxf6 33. Rb4 Qc8 34. Bxc4+ Ke7 35. Qe4+ Kf8 36. Qxg6 1-0

[Event "21th IPCA World Individual Chp."]
[Site "followchess.com"]
[Date "2022.05.10"]
[Round "2"]
[White "Shapiro, Benny"]
[Black "Shchukina, Ekaterina"]
[Result "1-0"]
[WhiteElo "1884"]
[BlackElo "1496"]
[ECO "E60"]
[WhiteFed "ISR"]
[BlackFed "RUS"]
[FCGameId "-1483801504"]
[WhiteFideId "2801582"]
[BlackFideId "34103055"]
[TimeControl "5400+30"]

1. d4 Nf6 2. Nf3 g6 3. c4 c5 4. d5 b5 5. a4 bxc4 6. Nc3 d6 7. Nd2 Nbd7 8. f4 Bb7 9. e4 Bg7 10. a5 O-O 11. Bxc4 Qc8 12. a6 Bxd5 13. Bxd5 Rb8 14. Bb7 Qc7 15. O-O Nb6 16. Nb5 Qd7 17. Nxa7 Rxb7 18. axb7 Qxb7 19. Nb5 Qc6 20. Nc3 Nfd7 21. Nf3 c4 22. Be3 Nc5 23. Bd4 Nd3 24. Bxg7 Kxg7 25. g3 Nxb2 26. Qd4+ Kg8 27. Nd5 Nxd5 28. exd5 Qb5 29. Rfb1 Rb8 30. Ra2 c3 31. Qxc3 Qxd5 32. Raxb2 Rxb2 33. Rxb2 Qd1+ 34. Kg2 1-0

[Event "21th IPCA World Individual Chp."]
[Site "followchess.com"]
[Date "2022.05.10"]
[Round "2"]
[White "Oliel, Yehonatan"]
[Black "Alperovich, Asher"]
[Result "0-1"]
[WhiteElo "1535"]
[BlackElo "1865"]
[ECO "B27"]
[WhiteFed "ISR"]
[BlackFed "ISR"]
[FCGameId "1112603764"]
[WhiteFideId "2834928"]
[BlackFideId "2803275"]
[TimeControl "5400+30"]

1. e4 c5 2. Nf3 g6 3. d4 cxd4 4. Qxd4 Nf6 5. Bb5 a6 6. Ba4 b5 7. Bb3 Nc6 8. Qd3 Bg7 9. Nc3 O-O 10. Be3 d6 11. O-O-O Bb7 12. Nd2 Rc8 13. f3 Qa5 14. g4 Nb4 15. Qf1 Rxc3 16. bxc3 Nxa2+ 17. Bxa2 Qxa2 18. Nb1 d5 19. e5 Nd7 20. f4 Rc8 21. Bd4 Nc5 22. h4 b4 23. Qh3 Ne4 24. Rd3 a5 25. Rh2 Ba6 26. Re3 a4 27. cxb4 a3 28. Rxa3 Qc4 29. c3 Qxd4 30. Rxa6 Nxc3 31. Rd2 Nxb1+ 32. Kxb1 Qxd2 33. Qa3 Qc2+ 34. Ka1 f6 35. Ra8 0-1

[Event "21th IPCA World Individual Chp."]
[Site "followchess.com"]
[Date "2022.05.09"]
[Round "1"]
[White "Yarmonov, Igor"]
[Black "Shapiro, Benny"]
[Result "1-0"]
[WhiteElo "2394"]
[BlackElo "1884"]
[ECO "D85"]
[WhiteFed "UKR"]
[BlackFed "ISR"]
[FCGameId "1422544100"]
[WhiteFideId "14114496"]
[BlackFideId "2801582"]
[TimeControl "5400+30"]

1. d4 Nf6 2. c4 g6 3. Nc3 d5 4. cxd5 Nxd5 5. Bd2 Nxc3 6. Bxc3 Qd5 7. f3 f5 8. Qd3 f4 9. Qe4 Qxe4 10. fxe4 Bg7 11. Nf3 c5 12. e3 fxe3 13. dxc5 Bxc3+ 14. bxc3 O-O 15. Bc4+ Kg7 16. Ke2 Nd7 17. c6 bxc6 18. Kxe3 c5 19. Rab1 Nb6 20. Bb3 Bd7 21. Ne5 Kf6 22. Nxd7+ Nxd7 23. Bd5 Rab8 24. Rxb8 Nxb8 25. Rf1+ Kg7 26. Rb1 Kf6 27. Rb7 e6 28. e5+ Kxe5 29. Bf3 a6 30. Rxh7 Rc8 31. Ra7 c4 32. Ra8 Rd8 33. Be4 g5 34. h3 Rd1 35. Bc2 Rd8 36. a4 Rf8 37. a5 Nd7 38. Rxa6 Nf6 39. Rc6 Nd5+ 40. Kd2 Rf2+ 41. Kc1 Ne3 42. Bb1 Rf1+ 43. Kd2 Nd5 44. Bh7 Rf2+ 45. Kc1 Ra2 46. Rxc4 Rxa5 47. Rg4 Kf6 48. Kd2 Kg7 49. Bc2 Nf6 50. Rb4 Nd5 51. Re4 Kf6 52. Bb3 Kf5 53. Bxd5 exd5 54. Rg4 Ra2+ 55. Kd3 Ra3 56. Kd4 Ra5 57. Rg3 Kf6 58. Re3 Ra2 59. Kxd5 Rd2+ 60. Kc6 Rxg2 61. c4 g4 62. hxg4 Rxg4 63. c5 Rg1 64. Kd7 Rd1+ 65. Kc7 Rd5 66. c6 Rd1 67. Kb7 Rb1+ 68. Kc8 Rc1 69. c7 1-0

[Event "21th IPCA World Individual Chp."]
[Site "followchess.com"]
[Date "2022.05.09"]
[Round "1"]
[White "Alperovich, Asher"]
[Black "Mikheev, Stanislav"]
[Result "0-1"]
[WhiteElo "1865"]
[BlackElo "2333"]
[ECO "D83"]
[WhiteFed "ISR"]
[BlackFed "SRB"]
[FCGameId "-1707979019"]
[WhiteFideId "2803275"]
[BlackFideId "4135920"]
[TimeControl "5400+30"]

1. d4 Nf6 2. c4 g6 3. Nc3 d5 4. Bf4 Bg7 5. Rc1 O-O 6. e3 Be6 7. c5 c6 8. h3 b6 9. b4 a5 10. a3 axb4 11. axb4 Ra3 12. Bd3 bxc5 13. bxc5 Qa5 14. Qd2 Na6 15. Nf3 Nd7 16. Nb1 Nb4 17. Be2 Ra2 18. Bc7 Qxc7 19. Qxb4 Rb8 20. Qc3 Rbb2 21. Nbd2 Nf6 22. Bd3 Ne4 23. Bxe4 dxe4 24. Ng5 Rxd2 25. Qxd2 Rxd2 26. Kxd2 Qa5+ 27. Rc3 Bd5 28. h4 e5 29. Rb1 Bf6 30. Rb8+ Kg7 31. Kc2 exd4 32. exd4 Bxd4 0-1

[Event "21th IPCA World Individual Chp."]
[Site "followchess.com"]
[Date "2022.05.09"]
[Round "1"]
[White "Zilberman, Yaacov"]
[Black "Aleksandrova, Aleksandra"]
[Result "1-0"]
[WhiteElo "2315"]
[BlackElo "1687"]
[ECO "D31"]
[WhiteFed "ISR"]
[BlackFed "ISR"]
[FCGameId "-1872882873"]
[WhiteFideId "2801612"]
[BlackFideId "4144198"]
[TimeControl "5400+30"]

1. d4 d5 2. c4 e6 3. Nc3 c6 4. e3 Bd6 5. f4 Nd7 6. Nf3 Ne7 7. Bd3 dxc4 8. Bxc4 Nd5 9. O-O Qa5 10. Bd2 Nxc3 11. bxc3 Qh5 12. Rb1 O-O 13. Bd3 f6 14. e4 e5 15. fxe5 fxe5 16. Qb3+ Kh8 17. Ng5 Nf6 18. h3 h6 19. Ne6 Re8 20. d5 cxd5 21. exd5 e4 22. Bb5 Bxe6 23. dxe6 Qc5+ 24. Kh1 e3 25. Be1 Qe5 26. g3 e2 27. Rf3 Rxe6 28. Rb2 Qe4 29. Kg2 Nd5 30. Rxe2 Nf4+ 31. gxf4 Rg6+ 32. Bg3 Rxg3+ 33. Kxg3 Qg6+ 34. Kh2 Rf8 35. Qe6 Rf6 36. Qe8+ Rf8 1-0

[Event "21th IPCA World Individual Chp."]
[Site "followchess.com"]
[Date "2022.05.09"]
[Round "1"]
[White "Mekus, Manuela"]
[Black "Obodchuk, Andrei"]
[Result "0-1"]
[WhiteElo "1644"]
[BlackElo "2295"]
[ECO "B20"]
[WhiteFed "GER"]
[BlackFed "RUS"]
[FCGameId "-881900852"]
[WhiteFideId "16202562"]
[BlackFideId "4114310"]
[TimeControl "5400+30"]

1. e4 c5 2. d3 Nc6 3. Nf3 g6 4. g3 Bg7 5. Bg2 e5 6. O-O Nge7 7. Nbd2 O-O 8. c3 d5 9. Qe2 h6 10. h3 Be6 11. Nh2 Qd7 12. g4 f5 13. exf5 gxf5 14. f3 Ng6 15. Nb3 b6 16. Be3 d4 17. cxd4 exd4 18. Bd2 Rae8 19. Qd1 Qc7 20. Qc1 Nh4 21. Bxh6 Bxb3 22. Bxg7 Re2 23. Rf2 Rxf2 24. Kxf2 Qxh2 25. Qf1 Kxg7 26. axb3 fxg4 0-1

[Event "21th IPCA World Individual Chp."]
[Site "followchess.com"]
[Date "2022.05.09"]
[Round "1"]
[White "Gurbanov, Andrei"]
[Black "Vardi, Moshe"]
[Result "1-0"]
[WhiteElo "2302"]
[BlackElo "1631"]
[ECO "A43"]
[WhiteFed "ISR"]
[BlackFed "ISR"]
[FCGameId "-1800209834"]
[WhiteFideId "13503391"]
[BlackFideId "2801710"]
[TimeControl "5400+30"]

1. d4 c5 2. d5 Nf6 3. Nc3 b6 4. e4 d6 5. f4 e5 6. fxe5 dxe5 7. Nf3 Bd6 8. Bg5 h6 9. Bh4 Bg4 10. Bb5+ Nbd7 11. h3 Bh5 12. Bc6 Rc8 13. Nb5 Bb8 14. Bb7 Rc7 15. Nxc7+ Qxc7 16. Bxf6 Nxf6 17. Bc6+ Kf8 18. Qd3 Qe7 19. O-O Bd6 20. Nh4 g6 21. c4 a6 22. Rf2 b5 23. Raf1 bxc4 24. Qxc4 Qd8 25. Rxf6 Be7 26. Rxf7+ Kg8 27. d6 1-0

[Event "21th IPCA World Individual Chp."]
[Site "followchess.com"]
[Date "2022.05.09"]
[Round "1"]
[White "Pilimon, Zbigniew"]
[Black "Campos, Eugenio"]
[Result "0-1"]
[WhiteElo "1620"]
[BlackElo "2247"]
[ECO "A70"]
[WhiteFed "POL"]
[BlackFed "ANG"]
[FCGameId "-75478990"]
[WhiteFideId "1110489"]
[BlackFideId "10100156"]
[TimeControl "5400+30"]

1. d4 Nf6 2. c4 c5 3. d5 e6 4. Nc3 exd5 5. cxd5 d6 6. e4 g6 7. Nf3 Bg7 8. Bb5+ Nbd7 9. Bf4 Qe7 10. O-O O-O 11. Re1 a6 12. Bd3 Nh5 13. Bg5 Bf6 14. Bxf6 Qxf6 15. g3 b5 16. Bc2 Re8 17. Nh4 Ne5 18. f4 Nc4 19. Qc1 Bd7 20. Nf3 Bg4 21. Kg2 b4 22. Nd1 Re7 23. Nd2 Nb6 24. Ne3 Bc8 25. Ndc4 Nxc4 26. Nxc4 Bb7 27. Qd2 Rd8 28. Ba4 Qg7 29. Na5 Nf6 30. Bc6 Bc8 31. Qd3 Qh6 32. h4 Qh5 33. Ba4 Bd7 34. Bxd7 Rdxd7 35. Nc4 Rd8 36. Rac1 Qg4 37. Qf3 Qd7 38. Re2 Qb5 39. b3 Qb8 40. Rce1 Qb5 41. Re3 a5 42. g4 a4 43. h5 axb3 44. axb3 Ra7 45. hxg6 hxg6 46. Qh3 Nh7 47. Qh6 Qe8 48. f5 Qf8 49. Qxh7+ Kxh7 50. f6 Ra2+ 51. Kg3 Qh6 52. Kf3 Qh3+ 53. Kf4 Rf2+ 54. Kg5 Qh6# 0-1

[Event "21th IPCA World Individual Chp."]
[Site "followchess.com"]
[Date "2022.05.09"]
[Round "1"]
[White "Lipilin, Ilia"]
[Black "Oliel, Yehonatan"]
[Result "1-0"]
[WhiteElo "2198"]
[BlackElo "1535"]
[ECO "D70"]
[WhiteFed "RUS"]
[BlackFed "ISR"]
[FCGameId "-239813899"]
[WhiteFideId "54113245"]
[BlackFideId "2834928"]
[TimeControl "5400+30"]

1. d4 Nf6 2. c4 g6 3. f3 d5 4. cxd5 Nxd5 5. e4 Nb6 6. Nc3 Bg7 7. Be3 Nc6 8. Bb5 Bd7 9. Nge2 a6 10. Bxc6 Bxc6 11. d5 Bd7 12. Bd4 O-O 13. a4 e6 14. Bxg7 Kxg7 15. a5 Nc8 16. Qd4+ Kg8 17. O-O Nd6 18. Rfd1 Qg5 19. e5 Nf5 20. Qf2 Ne3 21. Rd3 Nc4 22. 
Qd4 exd5 23. Nxd5 Bb5 24. Nf6+ Kh8 25. f4 Qf5 26. g4 Qe6 27. Rh3 h5 28. Rxh5+ 
gxh5 29. Qe4 Qxf6 30. exf6 Rg8 31. g5 Nd6 32. Qf3 Rge8 33. Qxh5+ Kg8 34. g6 1-0

[Event "21th IPCA World Individual Chp."]
[Site "followchess.com"]
[Date "2022.05.09"]
[Round "1"]
[White "Shchukina, Ekaterina"]
[Black "Valenta, Vit Vaclav"]
[Result "0-1"]
[WhiteElo "1496"]
[BlackElo "2014"]
[ECO "B41"]
[WhiteFed "RUS"]
[BlackFed "CZE"]
[FCGameId "697855991"]
[WhiteFideId "34103055"]
[BlackFideId "307440"]
[TimeControl "5400+30"]

1. e4 c5 2. Nf3 e6 3. d4 cxd4 4. Nxd4 Nf6 5. Nc3 Bb4 6. Bd3 Nc6 7. Be3 e5 8. Nb3 d5 9. exd5 Nxd5 10. Bd2 Nxc3 11. bxc3 Be7 12. O-O O-O 13. Qe2 f5 14. Bc4+ Kh8 15. Rad1 Qc7 16. Rfe1 Bf6 17. Bc1 Qe7 18. Bb2 Be6 19. Bxe6 Qxe6 20. c4 Qf7 21. Rd5 Rad8 22. Red1 Qe7 23. a3 e4 24. Bxf6 Qxf6 25. Nd4 Rxd5 0-1

[Event "21th IPCA World Individual Chp."]
[Site "followchess.com"]
[Date "2022.05.09"]
[Round "1"]
[White "Cosic, Radoslav"]
[Black "Klein, Djimmy"]
[Result "1-0"]
[WhiteElo "2003"]
[BlackElo "1392"]
[ECO "A05"]
[WhiteFed "CRO"]
[BlackFed "FRA"]
[FCGameId "1665813148"]
[WhiteFideId "14504367"]
[BlackFideId "20669445"]
[TimeControl "5400+30"]

1. Nf3 Nf6 2. b3 d6 3. d4 g6 4. g3 Bg7 5. Bb2 O-O 6. Bg2 c6 7. O-O Nbd7 8. Nbd2 c5 9. e3 Rb8 10. a4 a5 11. Re1 b6 12. c4 Bb7 13. Qc2 Rc8 14. Rad1 Nb8 15. d5 Na6 16. e4 Nb4 17. Qb1 e5 18. dxe6 fxe6 19. Ng5 Qd7 20. f4 Rce8 21. e5 Bxg2 22. exf6 Bxf6 23. Bxf6 Rxf6 24. Kxg2 h6 25. Nde4 Qb7 26. Kg1 1-0

[Event "21th IPCA World Individual Chp."]
[Site "followchess.com"]
[Date "2022.05.09"]
[Round "1"]
[White "Volodarsky, Michael"]
[Black "Srimskov, Elishar"]
[Result "0-1"]
[WhiteElo "1400"]
[BlackElo "1992"]
[ECO "E68"]
[WhiteFed "ISR"]
[BlackFed "ISR"]
[FCGameId "-1599417282"]
[WhiteFideId "2814366"]
[BlackFideId "2807254"]
[TimeControl "5400+30"]

1. d4 Nf6 2. c4 g6 3. Nc3 Bg7 4. e4 d6 5. g3 O-O 6. Bg2 Nbd7 7. Nf3 e5 8. O-O exd4 9. Nxd4 Nc5 10. Re1 Re8 11. f3 a5 12. Bf4 Nfd7 13. Nb3 Ne6 14. Be3 Ne5 15. Qe2 a4 16. Nc1 a3 17. Rb1 axb2 18. Qxb2 Nxc4 19. Qb3 Nxe3 20. Bh3 Nd4 21. Qb2 Nxf3+ 22. Kf2 Nxe1 23. Kxe1 Bxh3 24. Qd2 Nc4 25. Qd3 Bxc3+ 26. Qxc3 Rxe4+ 27. Kd1 Ne3+ 28. Kd2 Qg5 0-1

[Event "21th IPCA World Individual Chp."]
[Site "followchess.com"]
[Date "2022.05.09"]
[Round "1"]
[White "Freiberg, Doron"]
[Black "Gerasimova, Svetlana"]
[Result "0-1"]
[WhiteElo "1244"]
[BlackElo "1906"]
[ECO "E60"]
[WhiteFed "ISR"]
[BlackFed "RUS"]
[FCGameId "-766974096"]
[WhiteFideId "2841312"]
[BlackFideId "4145968"]
[TimeControl "5400+30"]

1. d4 Nf6 2. Nf3 g6 3. c4 Bg7 4. g3 O-O 5. Bg2 d6 6. O-O Nbd7 7. Nc3 c6 8. Re1 e5 9. dxe5 dxe5 10. e4 a5 11. b3 Qe7 12. Bb2 Rd8 13. Qc2 Nf8 14. Na4 N6d7 15. Nc3 Nc5 16. Rad1 Bg4 17. Ba3 Bxf3 18. Bxf3 b6 19. Na4 Qa7 20. Nxc5 bxc5 21. Re3 Ne6 22. Bb2 Nd4 23. Bxd4 cxd4 24. Red3 Qc5 25. Qd2 a4 26. Rb1 Rdb8 27. Bd1 axb3 28. Bxb3 Qa3 29. Rb2 Ra5 30. Rf3 Rc5 31. Rc2 Rb4 32. Kg2 Rb7 33. Qg5 Rd7 34. Qg4 Qa7 35. Rd3 Bf8 36. Rcd2 Kg7 37. h4 h5 38. Qd1 Ra5 39. Rf3 Bc5 40. Rdd3 Rd6 41. Qe1 Ra3 42. Rd1 Qe7 43. Qd2 Rf6 44. Qd3 Rxf3 45. Qxf3 Qf6 46. Rd3 Qxf3+ 47. Kxf3 f5 48. exf5 gxf5 49. Kg2 e4 50. Rd1 Kf6 51. f4 d3 52. Rd2 Bb4 53. Rd1 Ra8 54. Kf2 Bc5+ 55. Ke1 Rd8 56. Kf1 e3 57. Rb1 e2+ 58. Kg2 d2 59. Rb2 e1=Q 0-1